woodfighter, chaotic female elven Priestess ------ ------- |..... --.....-- |....| --------- |..---... |...*.####### |......<.# |..| |..| |....| # |.......|# |..| |..| ---.-- ##.........### |..---`.| # ---------# # --.^...-- # # `## --.-.-- # # # ###%## # # )### # #########)######################### -----)---- #----- #### ######## |....@...| #|...| -.-----|-----.- |.[[.[@m[| #|....######|.............| |[[[[[[[[| #....| #-....{........| |[[[[[[[[| ----- |.............| ---------- --------------- woodfighter the Acolyte Experience level: 5 Strength: 14 Dexterity: 13 Constitution: 13 Intelligence: 17 Wisdom: 11 Charisma: 8 Health: 0(35) Energy: 53(53) Def: 6 Gold: 0 Moves: 2636 Dungeon seed: Th7Dqw6FGNUowFH2 Game ID: woodfighter_1489749573 Your Inventory: Amulets D - a cursed amulet of change Weapons a - a blessed +1 mace (weapon in hand) Armor e - a +0 robe (being worn) n - a +0 small shield (being worn) r - a +0 pair of high boots (being worn) y - a +0 orcish helm (being worn) z - a +0 pair of gauntlets of power N - a cursed -2 helm of opposite alignment Comestibles c - a clove of garlic d - a sprig of wolfsbane C - 2 cram rations U - 2 carrots Scrolls s - a scroll of punishment u - a scroll of enchant armor A - a scroll of identify B - a scroll of create monster F - a scroll of scare monster H - a cursed scroll of remove curse K - a scroll of identify L - a cursed scroll of identify T - a blessed scroll of create monster Spellbooks g - a spellbook of stone to flesh h - a spellbook of detect food i - a spellbook of light Potions b - 4 potions of holy water I - a potion of blindness Rings q - a ring of poison resistance t - a ring of cold resistance Wands f - a wand of cancellation (0:1) l - a wand of enlightenment (0:10) E - a wand of probing (0:7) S - a wand of enlightenment (0:15) Tools j - a tooled horn G - a tallow candle (0:200) Spells and supernatural/magical abilities: Name Level Category Fail Memory l - light 1 divination 0% 87% E - detect food 2 divination 55% 87% S - stone to flesh 3 healing 90% 87% W - pray for help -- divine ? -- X - turn undead -- divine ? -- Your skills at the end: Miscellaneous Skills shield [Basic] wands [Basic] Weapon Skills mace [Skilled] Spellcasting Skills clerical spells [Basic] Final Attributes: You were piously aligned. You were sleep resistant. Your writing hand was ok. You had infravision. You were very stealthy. You were held by a giant mimic. You were fast. You are dead. Vanquished creatures: a small mimic a gnome king a fog cloud a shrieker a giant ant an iguana 2 hill orcs a jitterbug 4 dwarf zombies a coyote 2 gas spores a hobbit a large kobold a gecko a yellow mold 2 garter snakes 2 gnome zombies 2 jackals a fox 5 newts 2 goblins 2 sewer rats 3 grid bugs 2 lichens a kobold zombie 42 creatures vanquished. Voluntary challenges: You were vegetarian. You did not cause conflict. You were not invisible. You did not have reflection. You were not displaced. You had been an atheist until turn 2477. You used a wielded weapon 78 times, starting on turn 1. You did not use tools. You did not use plumbed fixtures. You did not drink any magical draughts. You read items or engraved 3 times, starting on turn 1716. You never genocided any monsters. You never polymorphed an object. You never changed form. You used no wishes. You never split a pudding. You never wrote Elbereth's name. You never violated your personal moral code. Dungeon overview: The Dungeons of Doom: levels 1 to 8 Level 1 some fountains a long staircase Level 2 Level 3 (locked box) a general store Level 4 (vault) a scroll shop, a fountain stairs to The Gnomish Mines Level 5 (vault) a sink Level 6 many fountains Level 7 <- You were here an armor shop, a fountain Level 8 (locked box) The Gnomish Mines: Level 5 stairs to The Dungeons of Doom History has recorded: On T:1 you entered the Dungeons of Doom to retrieve the Amulet of Yendor! On T:14 you reached level 2 of The Dungeons of Doom. On T:100 you reached level 3 of The Dungeons of Doom. On T:882 you advanced to experience level 2. On T:949 you reached level 4 of The Dungeons of Doom. On T:993 you advanced to experience level 3. On T:1244 you reached level 5 of The Dungeons of Doom. On T:1274 you reached level 1 of The Gnomish Mines. On T:1426 you advanced to experience level 4. On T:1806 you reached level 6 of The Dungeons of Doom. On T:2039 you reached level 7 of The Dungeons of Doom. On T:2131 you advanced to experience level 5. On T:2477 you prayed to Offler. On T:2608 you reached level 8 of The Dungeons of Doom. Score breakdown: Gold: 0 ( 0 points) Experience: 5 levels ( 400 points) Exploration: 8 levels ( 210 points) Discoveries: 18 items ( 900 points) Variety of kills: 25 monsters ( 1250 points) Major goal: (nothing yet) ( 0 points) Survival: died (score multiplied by 3) Total score: 8280 Latest messages: You see here 10 rocks. You stop exploring. You hit the hobbit. The hobbit wields an elven dagger! You kill the hobbit! "Hello, woodfighter! Welcome to Tirebolu's used armor dealership!" There is an open door here. You see here an elven dagger. You see here a pair of old gloves (67 zorkmids). "For you, honored lady; only 67 for this pair of old gloves." z - a pair of old gloves (unpaid, 67 zorkmids). You see here a scale mail (87 zorkmids). You see here a scale mail (60 zorkmids). You see here a cursed crested helmet (67 zorkmids). "For you, good lady; only 67 for this crested helmet." N - a cursed crested helmet (unpaid, 67 zorkmids). You see here a plate mail (800 zorkmids). You see here a cursed ring mail (133 zorkmids). Wait! That's a giant mimic! You hit the giant mimic. You hit the giant mimic! The giant mimic claws you! (2x) You hit the giant mimic! (3x) You hit the giant mimic. (2x) The giant mimic claws you! (2x) You die... Tirebolu takes all your possessions. Final status: Goodbye woodfighter the Priestess, killed by a giant mimic... You died in The Dungeons of Doom on dungeon level 7 with 8280 points, and 0 pieces of gold, after 2636 moves. You were level 5 with a maximum of 35 hit points when you died.